 Dungeon Crawl Stone Soup version 0.24-a0-725-gf1a930fc54 (webtiles) character file.

Game seed: 15655999489801486423, levelgen mode: deterministic

273 Smegmapudding the Ruffian (level 6, 0/48 HPs)
             Began as a Draconian Transmuter on Oct 1, 2019.
             Succumbed to a worker ant's poison
             ... on level 4 of the Dungeon.
             The game lasted 00:39:21 (3692 turns).

Smegmapudding the Ruffian (Draconian Transmuter)    Turns: 3692, Time: 00:39:22

Health: 0/48       AC:  6    Str: 12 (13) XL:     6   Next: 3%
Magic:  9/9        EV: 13    Int: 12 (14) God:
Gold:   202        SH:  0    Dex: 10 (12) Spells: 8/9 levels left

rFire    . . .     SeeInvis .   p - +1 short sword (holy)
rCold    . . .     Gourm    .   (no shield)
rNeg     . . .     Faith    +   (armour unavailable)
rPois    .         Spirit   .   (helmet restricted)
rElec    .         Reflect  .   (no cloak)
rCorr    .         Harm     .   (no gloves)
MR       .....                  (no boots)
Stlth    +.........             s - amulet of faith
HPRegen  0.16/turn              (no ring)
MPRegen  0.11/turn              (no ring)

@: lethally poisoned (0 -> -7)
A: unfitting armour, cold-blooded, AC +6
a: no special abilities


You were on level 4 of the Dungeon.
You were not hungry.

You visited 1 branch of the dungeon, and saw 4 of its levels.

You collected 202 gold pieces.

Inventory:

Hand Weapons
 f - a +0 hunting sling
 j - a +0 spear
 p - a +1 short sword of holy wrath (weapon)
 q - a +0 war axe
Missiles
 a - 72 arrows
 b - 151 stones (quivered)
 h - 17 bolts
Jewellery
 s - an amulet of faith (around neck)
Scrolls
 d - a scroll of teleportation
 m - 4 scrolls of identify
Potions
 e - 2 potions of might
Comestibles
 c - a ration


   Skills:
 + Level 2.0 Fighting
 + Level 2.2 Short Blades
 + Level 0.9(1.3) Axes
   Level 1.3(1.5) Maces & Flails
 + Level 3.4 Dodging
 + Level 0.7 Stealth
 + Level 4.1 Unarmed Combat
 + Level 2.1 Spellcasting
 + Level 2.1 Transmutations


You had 8 spell levels left.
You knew the following spells:

 Your Spells              Type           Power        Failure   Level  Hunger
a - Beastly Appendage     Tmut           #.....       11%         1    ##.....

Your spell library contained the following spells:

 Spells                   Type           Power        Failure   Level  Hunger
 Sticks to Snakes         Tmut           #.......     17%         2    ###....
 Spider Form              Tmut/Pois      #.........   45%         3    ####...
 Ice Form                 Ice/Tmut       #.......     86%         4    #####..
 Blade Hands              Tmut           #.........   97%         5    ######.


Dungeon Overview and Level Annotations

Branches:
Dungeon (4/15)
 Temple: D:4-7

Altars:
Gozag
Yredelemnul


Innate Abilities, Weirdness & Mutations

Your plain brown scales are hard. (AC +6)
You cannot fit into any form of body armour.
You are cold-blooded and may be slowed by cold attacks.


Message History

You eat one of the 2 rations.
That ration really hit the spot!
* * * LOW HITPOINT WARNING * * *
You feel sick.
* * * LOW HITPOINT WARNING * * *
You feel sick.
* * * LOW HITPOINT WARNING * * *
You feel sick.
* * * LOW HITPOINT WARNING * * *
You feel sick.
* * * LOW HITPOINT WARNING * * *
You feel sick.
* * * LOW HITPOINT WARNING * * *
You feel sick.
* * * LOW HITPOINT WARNING * * *
You feel sick.
Found a stone staircase leading down.
* * * LOW HITPOINT WARNING * * *
You feel sick.
A jelly comes into view.
You die...

#.. #.# #.# .
#.# .. ##.# ..
..## #
#.##..#.#
..#...@.#.####
J............>#
##.#####.######
........#
#####+####..##
..)..........#
#...........>#
#............#
#............#


You could see a jelly (sleeping).

Vanquished Creatures
  An orc wizard (D:3)
  A worker ant (D:4)
  4 gnolls
  8 adders
  A worm (D:2)
  A dart slug (D:2)
  2 leopard geckos (D:1)
  13 orcs (D:3)
  4 giant cockroaches
  6 goblins
  5 hobgoblins
  12 jackals
  10 kobolds
  A quokka (D:3)
  A ball python (D:3)
  8 bats
  4 frilled lizards
  A leopard gecko zombie (D:3)
  5 rats
88 creatures vanquished.

Notes
Turn   | Place    | Note
-------+----------+-------------------------------------------
     0 | D:1      | Smegmapudding the Draconian Transmuter began the quest for
                  | the Orb.
     0 | D:1      | Reached XP level 1. HP: 16/16 MP: 3/3
   214 | D:1      | Reached XP level 2. HP: 21/23 MP: 5/5
   727 | D:1      | Reached XP level 3. HP: 21/28 MP: 6/6
  1272 | D:2      | Reached skill level 4 in Unarmed Combat
  1542 | D:2      | Reached XP level 4. HP: 35/35 MP: 7/7
  1772 | D:2      | Reached skill level 1 in Maces & Flails
  2331 | D:3      | Found an opulent altar of Gozag.
  2613 | D:3      | Reached XP level 5. HP: 29/40 MP: 8/8
  2742 | D:3      | Reached skill level 1 in Short Blades
  3618 | D:3      | Found a basalt altar of Yredelemnul.
  3681 | D:4      | Reached XP level 6. HP: 12/48 MP: 9/9
  3690 | D:4      | HP: 2/48 [poisoned by a worker ant]
  3692 | D:4      | Succumbed to a worker ant's poison

Levels and vault maps discovered:
D:1:      kilobyte_arrival_exit_the_forest, layout_loops_ring,
          kennysheep_decorative_pillar
D:2:      layout_loops_ring
D:3:      layout_basic, lemuel_round_altar, minmay_tree_intersection,
          nicolae_gozag_cash_rules_everything_around_me
D:4:      layout_basic, first_ration

Skill      XL: |  1  2  3  4  5 |
---------------+----------------+-----
Dodging        | 2 3 |  3.4
Unarmed Combat | 4 |  4.1
Maces & Flails | 1 |  1.3
Short Blades   | 2 |  2.2
Fighting       | 2 |  2.0
Axes           | |  0.9
Stealth        | |  0.7
Spellcasting   | |  2.1
Transmutations | |  2.1

Action                   |  1- 3 |  4- 6 || total
-------------------------+-------+-------++-------
Melee: Unarmed           |    32 |       ||    32
       Tailslap          |    14 |    30 ||    44
       Whip              |    99 |    33 ||   132
       Punch             |     1 |     6 ||     7
       Short sword       |       |   226 ||   226
       Hand axe          |       |    64 ||    64
  Use: Potion            |     1 |     5 ||     6
       Scroll            |       |     6 ||     6
  Eat: Chunk             |     1 |     2 ||     3
       Ration            |     1 |     2 ||     3
Armor: Skin              |    59 |    85 ||   144
Dodge: Dodged            |   115 |   226 ||   341

Table legend:
 A = Non-vault XP
 B = Vault XP
 C = Vault XP percentage of total XP
 D = Non-vault monster count
 E = Vault monster count
 F = Vault count percentage of total count
                 A         B        C        D         E       F
            +---------+---------+-------+---------+---------+-------
      Total |     391 |       0 |   0.0 |      88 |       0 |   0.0
            +---------+---------+-------+---------+---------+-------
        D:1 |      54 |       0 |   0.0 |      24 |       0 |   0.0
        D:2 |     100 |       0 |   0.0 |      22 |       0 |   0.0
        D:3 |     201 |       0 |   0.0 |      41 |       0 |   0.0
        D:4 |      36 |       0 |   0.0 |       1 |       0 |   0.0
            +---------+---------+-------+---------+---------+-------
